 Dungeon Crawl Stone Soup version 0.28-a0-1594-ga885d4b3d6 (webtiles) character file.

Game seed: 1448044813500240005

137 YayAnonymity the Slinger (level 5, 0/43 HPs)
             Began as a Gnoll Hunter on Jan 21, 2022.
             Slain by a gnoll (3 damage)
             ... on level 4 of the Dungeon.
             The game lasted 00:05:13 (4442 turns).

YayAnonymity the Slinger (Gnoll Hunter)             Turns: 4442, Time: 00:05:13

Health: 0/43       AC:  5    Str: 13    XL:     5   Next: 20%
Magic:  7/7        EV: 13    Int: 10    God:
Gold:   146        SH:  0    Dex: 19    Spells: 6/6 levels left

rFire   + . .      SeeInvis .   b - +1 hand axe (flame)
rCold   . . .      Faith    .   (no shield)
rNeg    . . .      Spirit   .   l - +0 ring mail
rPois   .          Reflect  .   (no helmet)
rElec   .          Harm     .   (no cloak)
rCorr   .          Rampage  .   (no gloves)
Will    .....                   (no boots)
Stlth   ++........              (no amulet)
HPRegen 0.14/turn               c - ring of protection from fire
MPRegen 0.10/turn               m - +6 ring of dexterity

@: no status effects
A: fangs 1, strong nose, distributed training
a: no special abilities


You were on level 4 of the Dungeon.
You visited 1 branch of the dungeon, and saw 4 of its levels.

You collected 146 gold pieces.

Inventory:

Hand Weapons
 a - a +1 hunting sling
 b - a +1 hand axe of flaming (weapon)
 o - a +0 long sword
Missiles
 d - 20 sling bullets
 f - 111 stones (quivered)
 p - 20 arrows
Armour
 l - a +0 ring mail (worn)
Jewellery
 c - a ring of protection from fire (left hand)
 m - a +6 ring of dexterity (right hand)
Scrolls
 g - 6 scrolls of identify {unknown}
 h - a scroll of brand weapon {unknown}
 i - a scroll of enchant weapon {unknown}
 k - 2 scrolls of teleportation {unknown}
 n - a scroll of magic mapping {unknown}
 q - a scroll of holy word {unknown}
Potions
 e - a potion of curing {unknown}
 j - a potion of haste {unknown}


   Skills:
 + Level 4.7 Fighting
 + Level 1.4 Short Blades
 + Level 1.4 Long Blades
 + Level 1.4 Axes
 + Level 1.4 Maces & Flails
 + Level 1.4 Polearms
 + Level 1.4 Staves
 + Level 8.6 Slings
 + Level 1.4 Bows
 + Level 1.4 Crossbows
 + Level 1.4 Throwing
 + Level 1.4 Armour
 + Level 4.7 Dodging
 + Level 2.7 Stealth
 + Level 1.4 Shields
 + Level 1.4 Unarmed Combat
 + Level 1.4 Spellcasting
 + Level 1.1 Conjurations
 + Level 1.1 Hexes
 + Level 1.1 Summonings
 + Level 1.1 Necromancy
 + Level 1.1 Translocations
 + Level 1.1 Transmutations
 + Level 1.1 Fire Magic
 + Level 1.1 Ice Magic
 + Level 1.1 Air Magic
 + Level 1.1 Earth Magic
 + Level 1.1 Poison Magic
 + Level 1.5 Invocations
 + Level 1.4 Evocations


You had 6 spell levels left.
You didn't know any spells.
Your spell library contained the following spells:

 Spells                   Type           Power      Damage    Failure   Level
 Ensorcelled Hibernation  Hex/Ice        4%         N/A       56%         2
 Passwall                 Tmut/Erth      1%         N/A       56%         2
 Swiftness                Air            2%         N/A       80%         3


Dungeon Overview and Level Annotations

Branches:
Dungeon (4/15)
 Temple: D:4-7

Altars:

Shops:
D:2 ?

Annotations:
D:3 exclusion: ice beast


Innate Abilities, Weirdness & Mutations

You have very sharp teeth.
Your uncanny sense of smell can sniff out nearby items.
Your experience applies equally to all skills.


Message History

The gnoll closely misses you.
You hit the gnoll. You burn the gnoll.
You kill the gnoll!
You hit the gnoll but do no damage. You bite the gnoll.
The gnoll is lightly wounded.
The gnoll hits you but does no damage.
You hit the gnoll. You burn the gnoll.
The gnoll is heavily wounded.
The gnoll hits you with a +0 flail. The gnoll barely misses you.
You hit the gnoll. You burn the gnoll.
You kill the gnoll!
You closely miss the gnoll. The gnoll misses you.
You hit the gnoll. You burn the gnoll.
The gnoll is moderately wounded.
The gnoll closely misses you. The gnoll hits you with a +0 flail.
You are too injured to fight recklessly!
You are too injured to fight recklessly!
You are too injured to fight recklessly!
You are too injured to fight recklessly!
You are too injured to fight recklessly!
You are too injured to fight recklessly!
You are too injured to fight recklessly!
You hit the gnoll. You burn the gnoll.
The gnoll is heavily wounded.
The gnoll closely misses you.
You barely miss the gnoll. Your bite misses the gnoll.
The gnoll is heavily wounded.
The gnoll hits you with a +0 flail!
* * * LOW HITPOINT WARNING * * *
You hit the gnoll but do no damage. You bite the gnoll, but do no damage.
The gnoll is heavily wounded.
The gnoll closely misses you.
You hit the gnoll. You burn the gnoll.
The gnoll is severely wounded.
The gnoll barely misses you. The gnoll hits you with a +0 flail!
* * * LOW HITPOINT WARNING * * *
You hit the gnoll. You burn the gnoll.
The gnoll is almost dead.
The gnoll hits you with a +0 flail.
You die...

....# #.#.# # #
#.#.#
#.##.##.#.##
.........#
##.##.#..#
##.......####
#...).#.....#
#.......###@#
#.......###g#
##.#.<.)....#
#.#....##.## .
#........#
............(.
#...#.....#..###
#..#.....#..# #.
.........#


You could see a gnoll.

Vanquished Creatures
  Terence (D:3)
  3 gnolls (D:4)
  2 adders
  An ufetubus (D:4)
  A worm (D:2)
  A dart slug (D:2)
  6 bats
  5 endoplasms
  2 giant cockroaches
  2 goblins (D:1)
  4 hobgoblins
  8 jackals
  10 kobolds
  2 ball pythons (D:1)
  2 frilled lizards
  6 rats
56 creatures vanquished.

Vanquished Creatures (others)
  A fungus (D:2)
1 creature vanquished.

Grand Total: 57 creatures vanquished

Notes
Turn   | Place    | Note
-------+----------+-------------------------------------------
     0 | D:1      | YayAnonymity the Gnoll Hunter began the quest for the Orb.
     0 | D:1      | Reached XP level 1. HP: 20/20 MP: 1/1
   331 | D:1      | Reached XP level 2. HP: 12/26 MP: 2/2
  1027 | D:1      | Reached XP level 3. HP: 31/31 MP: 3/3
  2098 | D:2      | Reached skill level 1 in Invocations
  2214 | D:2      | Found a faded altar of an unknown god.
  2642 | D:2      | Reached skill level 1 in Short Blades
  2642 | D:2      | Reached skill level 1 in Long Blades
  2642 | D:2      | Reached skill level 1 in Axes
  2642 | D:2      | Reached skill level 1 in Maces & Flails
  2642 | D:2      | Reached skill level 1 in Polearms
  2642 | D:2      | Reached skill level 1 in Staves
  2642 | D:2      | Reached skill level 1 in Bows
  2642 | D:2      | Reached skill level 1 in Crossbows
  2642 | D:2      | Reached skill level 1 in Throwing
  2642 | D:2      | Reached skill level 1 in Armour
  2642 | D:2      | Reached skill level 1 in Shields
  2642 | D:2      | Reached skill level 1 in Unarmed Combat
  2642 | D:2      | Reached skill level 1 in Spellcasting
  2642 | D:2      | Reached skill level 1 in Evocations
  2825 | D:2      | Found Esim's Magic Scroll Emporium.
  3037 | D:2      | Reached XP level 4. HP: 37/38 MP: 5/5
  3425 | D:3      | Noticed Terence
  3439 | D:3      | Killed Terence
  3806 | D:2      | Reached skill level 1 in Conjurations
  3806 | D:2      | Reached skill level 1 in Hexes
  3806 | D:2      | Reached skill level 1 in Summonings
  3806 | D:2      | Reached skill level 1 in Necromancy
  3806 | D:2      | Reached skill level 1 in Translocations
  3806 | D:2      | Reached skill level 1 in Transmutations
  3806 | D:2      | Reached skill level 1 in Fire Magic
  3806 | D:2      | Reached skill level 1 in Ice Magic
  3806 | D:2      | Reached skill level 1 in Air Magic
  3806 | D:2      | Reached skill level 1 in Earth Magic
  3806 | D:2      | Reached skill level 1 in Poison Magic
  4335 | D:3      | Noticed an ice beast
  4428 | D:4      | Reached XP level 5. HP: 39/43 MP: 6/6
  4442 | D:4      | Slain by a gnoll

Illustrated notes

Levels and vault maps discovered:
D:1:      psy_arrival_radial02, layout_basic, hex_tiny
D:2:      layout_basic, serial_shops,
          nicolae_shop_temple_entry_statues_fountains,
          shapermc_ecumenical_altar_hornbeckon, columned_hall_lemuel
D:3:      layout_basic, nicolae_figureground_pulse, uniq_terence
D:4:      layout_basic, gammafunk_temple_overflow_pools

Skill      XL: |  1  2  3  4 |
---------------+-------------+-----
Invocations    | 1 |  1.5
Short Blades   | 1 |  1.4
Long Blades    | 1 |  1.4
Axes           | 1 |  1.4
Maces & Flails | 1 |  1.4
Polearms       | 1 |  1.4
Staves         | 1 |  1.4
Bows           | 1 |  1.4
Crossbows      | 1 |  1.4
Throwing       | 1 |  1.4
Armour         | 1 |  1.4
Shields        | 1 |  1.4
Unarmed Combat | 1 |  1.4
Spellcasting   | 1 |  1.4
Evocations     | 1 |  1.4
Conjurations   | 1 |  1.1
Hexes          | 1 |  1.1
Summonings     | 1 |  1.1
Necromancy     | 1 |  1.1
Translocations | 1 |  1.1
Transmutations | 1 |  1.1
Fire Magic     | 1 |  1.1
Ice Magic      | 1 |  1.1
Air Magic      | 1 |  1.1
Earth Magic    | 1 |  1.1
Poison Magic   | 1 |  1.1
Fighting       | |  4.7
Slings         | |  8.6
Dodging        | |  4.7
Stealth        | |  2.7

Action                   |  1- 3 |  4- 6 || total
-------------------------+-------+-------++-------
Melee: Short sword       |    15 |       ||    15
       Long sword        |   111 |    12 ||   123
       Bite              |     8 |     6 ||    14
       Punch             |     1 |       ||     1
       Hand axe          |       |    33 ||    33
 Fire: Hunting sling     |     2 |    10 ||    12
Throw: Stone             |       |    14 ||    14
 Stab: Sleeping          |     6 |     1 ||     7
Armor: Leather armour    |    29 |       ||    29
       Ring mail         |    32 |     8 ||    40
Dodge: Dodged            |   115 |    31 ||   146

Table legend: (Time is in decaauts)
 A = Elapsed time spent in this place.
 B = Non-inter-level travel time spent in this place.
 C = Inter-level travel time spent in this place.
 D = Time resting spent in this place.
 E = Time spent auto-exploring this place.
 F = Levels seen in this place.
 G = Mean time per level.
                   A        B        C        D        E       F      G
               +--------+--------+--------+--------+--------+-----+--------+
         Total |   4497 |   4230 |    267 |      0 |   3289 |   4 | 1124.2 |
       Dungeon |   4497 |   4230 |    267 |      0 |   3289 |   4 | 1124.2 |
               +--------+--------+--------+--------+--------+-----+--------+

Top non-repeatable levels by time:
     D:1: 1928 daAuts
     D:2: 1748 daAuts
     D:3: 739 daAuts
     D:4: 80 daAuts
